 Dungeon Crawl Stone Soup version 0.27-a0-1301-g128193abf8 (webtiles) character file.

Game seed: 18229934537556978973

84 spiderkeys the Skirmisher (level 4, -1/37 HPs)
             Began as a Palentonga Abyssal Knight on June 17, 2021.
             Was a Follower of Lugonu.
             Frozen to death by an endoplasm (4 damage)
             ... on level 2 of the Dungeon.
             The game lasted 00:02:50 (1084 turns).

spiderkeys the Skirmisher (PaAK)                    Turns: 1084, Time: 00:02:51

Health: -1/37      AC:  6    Str: 14 (17) XL:     4   Next: 23%
Magic:  5/6        EV:  8    Int: 16 (18) God:    Lugonu [*.....]
Gold:   116        SH:  0    Dex:  8 (9)  Spells: 3/3 levels left

rFire    . . .     SeeInvis +   d - +1 broad axe (vamp)
rCold    . . .     Faith    .   (no shield)
rNeg     . . .     Spirit   .   c - +0 ring mail
rPois    .         Reflect  .   (no helmet)
rElec    .         Harm     .   (no cloak)
rCorr    .         Rampage  .   (no gloves)
Will     .....                  (no barding)
Stlth    ..........             (no amulet)
HPRegen  0.12/turn              I - +6 ring of intelligence
MPRegen  0.10/turn              (no ring)

@: no status effects
A: large, rugged brown scales 3, see invisible, deformed body, roll 1, armoured
tail
a: Rolling Charge, Renounce Religion, Depart the Abyss


You were on level 2 of the Dungeon.
You worshipped Lugonu.
Lugonu was aware of your devotion.
You visited 1 branch of the dungeon, and saw 2 of its levels.
You visited the Abyss 1 time.

You collected 116 gold pieces.


Innate Abilities, Weirdness & Mutations

You are completely covered in rugged brown scales. (AC +3, +7% HP)
You have supernaturally acute eyesight. (SInv)
Armour fits poorly on your strangely shaped body.
You can roll at nearby foes to attack.
You have a long armoured tail.


   Skills:
 + Level 3.5 Fighting
 * Level 3.2 Axes
 + Level 2.2 Armour
 - Level 0.7 Dodging
 + Level 2.7 Invocations


You had 3 spell levels left.
You didn't know any spells.
Your spell library was empty.

Inventory:

Hand Weapons
 a - a +1 hand axe
 d - a +1 vampiric broad axe (weapon)
   (You found it on level 2 of the Abyss)
Missiles
 b - 26 bolts
 g - 45 stones
Armour
 c - a +0 ring mail (worn)
   (You found it on level 1 of the Dungeon)
Jewellery
 I - a +6 ring of intelligence (left hand)
   (You found it on level 1 of the Dungeon)
Scrolls
 h - a scroll of teleportation {@r4}
 i - a scroll of fear
Potions
 e - a potion of degeneration {!q}
 f - a potion of cancellation

Dungeon Overview and Level Annotations

Branches:
Dungeon (2/15)

Altars:

... .... ....# ###
#..## #.#.. ). #...#
#...... #...# #.#.#.
#...# #>... #...#
#.#J# #...# #.#@#
#######†.# #...# #
#........# #.###.#
##.####.####.....###
#.# #.<...........
#.# ##.####......#
#.# #.# #.####.# #.
#.# #.# #.##.# # .
#.# #.####.##.#.# .#


You could see an endoplasm.


Message History

Your hp is fully restored (31).
Natasha, Servant of Life and Death comes into view.
Natasha hisses angrily.
Natasha hisses.
An endoplasm comes into view.
The endoplasm quivers.
An adder and a hobgoblin come into view.
The hobgoblin shouts!
You roll forward with a clatter of scales!
You closely miss Natasha.
Your tail-slap misses Natasha.
Natasha casts a spell at you. You resist with significant effort.
You closely miss Natasha. Natasha misses you. Natasha claws you. 😕 HP[-6]
You take 6 damage, and now have 25/31 hp.
You closely miss Natasha. Natasha claws you but does no damage.
Unknown command.
You barely miss Natasha. Natasha claws you but does no damage.
A kobold comes into view. It is wielding a +0 dagger.
Natasha completely misses you.
You closely miss Natasha. Natasha claws you. 😮 HP[-5]
You take 5 damage, and now have 20/31 hp.
You are too injured to fight recklessly!
You are too injured to fight recklessly!
You slash Natasha!
You feel better. Natasha casts a spell at you. The magic dart hits you!
* * * LOW HITPOINT WARNING * * *
Natasha wildly gestures.
You feel troubled. Natasha claws you.
* * * LOW HITPOINT WARNING * * *
😨 HP[-6]
You take 6 damage, and now have 14/31 hp.
You hit Natasha.
You feel better.
Your tail-slap misses Natasha.
Natasha claws you!
* * * LOW HITPOINT WARNING * * *
😨 HP[-4]
You take 4 damage, and now have 10/31 hp.
You barely miss Natasha. You tail-slap Natasha.
You kill Natasha!
Lugonu accepts your kill.
Natasha screams in pain as she dies!
The adder bites you.
* * * LOW HITPOINT WARNING * * *
Your Axes skill increases to level 3!
You have reached level 4!
You feel stronger. 😨 HP[+1]
You now have 37 max hp (+6).
You barely miss the adder. The adder closely misses you. The adder bites you.
* * * LOW HITPOINT WARNING * * *
You are poisoned.
The adder poisons you! 😨 HP[-1]
You take 1 damage, and now have 10/37 hp.
It was a potion of degeneration.
There was something very wrong with that liquid.
You feel weakened.
You feel dopey.
You feel clumsy.
You feel sick. The adder closely misses you.
The adder completely misses you. 😱 HP[-2]
You take 2 damage, and now have 8/37 hp.
It was a potion of cancellation.
You feel magically purged.
You feel sick.
The adder bites you but does no damage. 😱 HP[-1]
You take 1 damage, and now have 7/37 hp.
You slash the adder!
You kill the adder!
Lugonu accepts your kill.
You feel sick. The hobgoblin hits you.
* * * LOW HITPOINT WARNING * * *
😱 HP[-3]
You take 3 damage, and now have 4/37 hp.
Okay, then.
Unknown command.
Okay, then.
You slash the hobgoblin!
You feel better.
You kill the hobgoblin!
Lugonu accepts your kill.
You feel sick. 😱 HP[+1]
You barely miss the kobold.
You feel sick.
You are no longer poisoned.
The kobold completely misses you. The kobold hits you with a +0 dagger.
* * * LOW HITPOINT WARNING * * *
😱 HP[-4]
You take 4 damage, and now have 1/37 hp.
You miss the kobold.
You tail-slap the kobold, but do no damage.
The kobold closely misses you.
You slash the kobold!
You feel better.
You kill the kobold!
Lugonu accepts your kill. 😱 HP[+2] MP[+1]
You regained 2 hp, and now have 3/37 hp.
You hit the endoplasm. The endoplasm freezes you.
You are frozen.
You die...

Skill      XL: |  1  2  3 |
---------------+----------+-----
Armour         | 2 |  2.2
Axes           | 3 |  3.2
Fighting       | |  3.5
Dodging        | |  0.7
Invocations    | |  2.7

Action                   |  1- 3 |  4- 6 || total
-------------------------+-------+-------++-------
Melee: Broad axe         |    68 |     7 ||    75
       Tailslap          |     6 |     1 ||     7
Invok: Depart the Abyss  |     1 |       ||     1
 Abil: Rolling Charge    |     8 |       ||     8
  Use: Scroll            |     4 |       ||     4
       Potion            |       |     2 ||     2
Armor: Ring mail         |    29 |     1 ||    30
       Leather armour    |     8 |       ||     8
Dodge: Dodged            |    35 |     5 ||    40

Levels and vault maps discovered:
D:1:      mushboom_english_gardens, layout_basic, chequers_serial_rivers_large_b
D:2:      layout_basic, hellmonk_ecumenical_altar_inner_sanctum, uniq_natasha

Notes
Turn   | Place    | Note
-------+----------+-------------------------------------------
     0 | Abyss:1  | spiderkeys the Palentonga Abyssal Knight began the quest
                  | for the Orb.
     0 | Abyss:1  | Reached XP level 1. HP: 19/19 MP: 2/2
     0 | Abyss:1  | magus.rc [v1.9.10]
     9 | Abyss:1  | Found a corrupted altar of Lugonu.
    86 | Abyss:2  | Noticed an orange demon
   106 | Abyss:2  | Noticed a sixfirhy
   110 | Abyss:2  | Noticed a daeva
   111 | D:1      | You pass through the gate.
   111 | D:1      | Escaped the Abyss
   315 | D:1      | Reached XP level 2. HP: 25/25 MP: 3/3
   530 | D:1      | Reached * piety under Lugonu
   947 | D:2      | Reached XP level 3. HP: 31/31 MP: 4/4
   955 | D:2      | Reached skill level 2 in Armour
  1065 | D:2      | Noticed Natasha
  1075 | D:2      | Killed Natasha
  1076 | D:2      | Reached skill level 3 in Axes
  1076 | D:2      | Reached XP level 4. HP: 11/37 MP: 4/6
  1077 | D:2      | HP: 8/37 [poisoned by an adder]
  1081 | D:2      | HP: 1/37 [kobold (3)]
  1084 | D:2      | Frozen to death by an endoplasm

Vanquished Creatures
  Natasha (D:2)
  A gnoll (D:1)
  2 adders (D:2)
  2 endoplasms (D:1)
  2 goblins (D:1)
  2 hobgoblins
  6 jackals (D:2)
  5 kobolds
  A quokka (D:1)
  5 ball pythons
  A frilled lizard (D:1)
  A rat (D:1)
29 creatures vanquished.

Table legend:
 A = Non-vault XP
 B = Vault XP
 C = Vault XP percentage of total XP
 D = Non-vault monster count
 E = Vault monster count
 F = Vault count percentage of total count
                 A         B        C        D         E       F
            +---------+---------+-------+---------+---------+-------
      Total |      83 |      37 |  30.8 |      28 |       1 |   3.4
            +---------+---------+-------+---------+---------+-------
        D:1 |      39 |       0 |   0.0 |      16 |       0 |   0.0
        D:2 |      44 |      37 |  45.7 |      12 |       1 |   7.7
            +---------+---------+-------+---------+---------+-------

Illustrated notes

Table legend:
 A = Kills in this place as a percentage of kills in entire the game.
 B = Kills by you in this place as a percentage of kills by you in the entire game.
 C = Kills by friends in this place as a percentage of kills by friends in the entire game.
 D = Other kills in this place as a percentage of other kills in the entire game.
 E = Experience gained in this place as a percentage of experience gained in the entire game.
 F = Experience gained in this place divided by the number of levels of this place that you have seen.
                   A       B       C       D       E      F
               +-------+-------+-------+-------+-------+----------------------
         Total | 100.0 | 100.0 |   N/A |   N/A | 100.0 |  30.0
       Dungeon | 100.0 | 100.0 |   N/A |   N/A | 100.0 |  60.0
               +-------+-------+-------+-------+-------+----------------------

Table legend: (Time is in decaauts)
 A = Elapsed time spent in this place.
 B = Non-inter-level travel time spent in this place.
 C = Inter-level travel time spent in this place.
 D = Time resting spent in this place.
 E = Time spent auto-exploring this place.
 F = Levels seen in this place.
 G = Mean time per level.
                   A        B        C        D        E       F      G
               +--------+--------+--------+--------+--------+-----+--------+
         Total |   1146 |   1105 |     41 |      9 |    872 |   4 |  286.5 |
       Dungeon |   1036 |    995 |     41 |      9 |    812 |   2 |  518.0 |
         Abyss |    110 |    110 |      0 |      0 |     60 |   2 |   55.0 |
               +--------+--------+--------+--------+--------+-----+--------+

Top non-repeatable levels by time:
     D:1: 854 daAuts
     D:2: 182 daAuts
 Abyss:1: 75 daAuts
 Abyss:2: 35 daAuts
